 Dungeon Crawl Stone Soup version 0.17-a0-913-g36eb389 (webtiles) character file.

42 inmateoo the Ruffian (level 3, -2/21 HPs)
             Began as a Gargoyle Warper on May 3, 2015.
             Killed from afar by a white imp (11 damage)
             ... with a puff of frost
             ... summoned by Natasha
             ... on level 2 of the Dungeon.
             The game lasted 00:01:39 (1542 turns).

inmateoo the Ruffian (Gargoyle Warper)              Turns: 1542, Time: 00:01:39

Health: -2/21      AC:  7    Str: 14    XL:     3   Next: 54%
Magic:  6/6        EV:  6    Int: 13    God:
Gold:   124        SH:  0    Dex: 10    Spells: 1 memorised, 5 levels left

rFire  . . .     SeeInvis .       - Unarmed
rCold  . . .     Clarity  .     a - +0 leather armour
rNeg   + . .     SustAb   .     (no shield)
rPois  ∞         Gourm    .     n - +0 helmet
rElec  +         Spirit   .     (no cloak)
rCorr  .         Warding  .     (no gloves)
rMut   .         Stasis   .     (no boots)
MR     .....                    (no amulet)
Stlth  ++........               (no ring)
                                e - ring of stealth

@: not resistant to hostile enchantments, unstealthy
A: negative energy resistance 1, electricity resistance, unbreathing,
petrification resistance, rot immunity, AC +3
a: no special abilities


You were on level 2 of the Dungeon.
You were not hungry.

You visited 1 branch of the dungeon, and saw 2 of its levels.

You collected 124 gold pieces.

Inventory:

Missiles
 d - 5 tomahawks of dispersal (quivered)
 m - 4 javelins
Armour
 a - a +0 leather armour (worn)
 n - a +0 helmet (worn)
Jewellery
 e - a ring of stealth (left hand)
Scrolls
 c - a scroll of blinking
 g - a scroll of noise {unknown}
 h - 5 scrolls of identify {unknown}
 j - 2 scrolls of random uselessness {unknown}
 k - a scroll of magic mapping {unknown}
 o - a scroll of amnesia {unknown}
Potions
 f - a potion of resistance {unknown}
 i - a potion of invisibility {unknown}
 p - a potion of ambrosia {unknown}
Books
 b - a book of Spatial Translocations

   Spells                             Type                      Level
   a - Apportation                    Translocation                1
   b - Blink                          Translocation                2
   c - Shroud of Golubria             Charms/Translocation         2
   d - Portal Projectile              Translocation                3
   e - Teleport Other                 Translocation                3
   f - Passage of Golubria            Translocation                4
Comestibles
 l - a meat ration


   Skills:
 - Level 2.1 Fighting
 - Level 1.0 Throwing
 - Level 1.1 Armour
 - Level 1.5 Dodging
 * Level 3.8 Unarmed Combat
 - Level 2.0 Spellcasting
 - Level 2.6 Translocations


You had 5 spell levels left.
You knew the following spells:

 Your Spells              Type           Power        Failure   Level  Hunger
a - Apportation           Tloc           #.........   12%         1    ##.....


Dungeon Overview and Level Annotations

Branches:
Dungeon (2/15)

Altars:

Annotations:
D:2 Natasha


Innate Abilities, Weirdness & Mutations

You are resistant to torment.
Your stone body is resilient (AC +3).
You are immune to poison.
You resist negative energy.
You are resistant to electric shocks.
You can survive without breathing.
You are immune to petrification.
You are immune to rotting.


Message History

You feel troubled.
Natasha casts a spell.
You barely miss the white imp. You hit the white imp.
The white imp is moderately wounded.
The white imp barely misses you.
You hit the white imp but do no damage.
The white imp is moderately wounded.
The white imp barely misses you.
Natasha mumbles some strange words.
You hit the white imp but do no damage.
The white imp is moderately wounded.
The white imp hits you. The white imp freezes you.
The crimson imp shouts!
The white imp hits you. The white imp freezes you.
There is a stone staircase leading down here.
The white imp gestures at you. The puff of frost hits you!
Ouch! That really hurt!
You die...

##.# #...########
######.# #.###
##.h....########.#
#..####.........)#
####..5...5..########
.....#######.###
..h......###.g.##
.#######......5.## .#
########.@# .#
#.........# .#
##...##### .# #..##
.# #..# .# #..# ...#
.#.# # .


You could see a crimson imp, a white imp and a goblin.

Vanquished Creatures
  2 adders (D:2)
  A giant gecko (D:2)
  3 hobgoblins
  A quokka (D:2)
  A giant newt (D:1)
  2 goblins (D:1)
  7 kobolds
  6 rats
23 creatures vanquished.

Notes
Turn   | Place    | Note
--------------------------------------------------------------
     0 | D:1      | inmateoo, the Gargoyle Warper, began the quest for the Orb.
     0 | D:1      | Reached XP level 1. HP: 12/12 MP: 3/3
   310 | D:1      | Reached XP level 2. HP: 14/17 MP: 5/5
  1039 | D:2      | Reached skill level 3 in Unarmed Combat
  1306 | D:2      | Reached XP level 3. HP: 21/21 MP: 6/6
  1513 | D:2      | Noticed Natasha
  1542 | D:2      | Killed from afar by a white imp

Action                   || total
-------------------------++-------
Melee: Unarmed           ||   120
 Stab: Sleeping          ||     3
  Eat: Bread ration      ||     1
